 Dungeon Crawl Stone Soup version 0.29-a0-352-g0917bc69df (webtiles) character file.

Game seed: 7782226282519157343

47896 benadryl the Brawler (level 14, -5/141 HPs)
             Began as a Troll Brigand on Apr 23, 2022.
             Was the Champion of Nemelex Xobeh.
             Slain by a seven-headed hydra (8 damage)
             ... on level 6 of the Lair of Beasts.
             The game lasted 00:36:58 (17347 turns).

benadryl the Brawler (Troll Brigand)               Turns: 17347, Time: 00:36:59

Health: -5/141     AC: 13    Str: 26    XL:     14   Next: 10%
Magic:  0/21       EV: 14    Int:  7    God:    Nemelex Xobeh [******]
Gold:   1469       SH:  0    Dex: 15    Spells: 12/13 levels left

rFire   + . .      SeeInvis .     - Unarmed
rCold   + . .      Faith    .   (no shield)
rNeg    . . .      Spirit   +   H - +0 steam dragon scales
rPois   .          Reflect  .   (helmet restricted)
rElec   .          Harm     .   c - +1 cloak
rCorr   .          Rampage  .   (gloves unavailable)
Will    +....                   (boots unavailable)
Stlth   ++........              D - amulet "Coogh" {Spirit Fragile rC+ Dex+4}
HPRegen 1.13/turn               F - ring of protection from fire
MPRegen 0.17/turn               B - +4 ring of protection

@: lethally poisoned (-5 -> -17)
A: large, unfitting armour, claws 3, regeneration 1, shaggy fur 1, tough skin 1
a: Renounce Religion, Draw Escape, Draw Destruction, Draw Summoning, Triple
Draw, Deal Four, Stack Five


You were on level 6 of the Lair of Beasts.
You worshipped Nemelex Xobeh.
Nemelex Xobeh was exalted by your worship.
You visited 3 branches of the dungeon, and saw 18 of its levels.
You also visited: Sewer and Volcano.

You collected 1469 gold pieces.

Inventory:

Hand Weapons
 a - a +2 giant spiked club of venom
 J - a +2 spear of distortion
Missiles
 d - 58 poisoned darts
 g - 7 javelins
 w - 8 curare-tipped darts
 G - 3 throwing nets
Armour
 c - a +1 cloak (worn)
 H - +0 steam dragon scales (worn)
 N - a +0 troll leather armour
Jewellery
 p - an amulet of regeneration
 B - a +4 ring of protection (right claw)
 D - the amulet "Coogh" (around neck) {Spirit Fragile rC+ Dex+4}
   (You took it off a gnoll shaman on level 7 of the Dungeon)

   [amulet of guardian spirit]

   It causes incoming damage to be divided between your reserves of health and
   magic.
   Dex:       It affects your dexterity (+4).
   rC:        It protects you from cold.
   Fragile:   It will be destroyed if unequipped.
 F - a ring of protection from fire (left claw)
 P - a +4 ring of evasion
Wands
 e - a wand of paralysis (5)
 h - a wand of polymorph (5)
 i - a wand of flame (81)
 M - a wand of charming (5)
 O - a wand of acid (5)
Scrolls
 f - 3 scrolls of identify {@r1}
 l - 7 scrolls of amnesia
 q - 8 scrolls of teleportation
 v - 2 scrolls of blinking
 x - 5 scrolls of fear
 y - 2 scrolls of magic mapping
 C - 2 scrolls of enchant armour
 I - a scroll of enchant weapon
 Q - a scroll of brand weapon
Potions
 b - 3 potions of resistance
 j - 2 potions of haste
 k - a potion of mutation
 m - 4 potions of flight
 n - a potion of cancellation {unknown}
 o - 6 potions of curing {@q1}
 r - 2 potions of invisibility
 s - 3 potions of lignification
 t - 4 potions of heal wounds
 u - 6 potions of magic
 z - 2 potions of attraction
 A - 7 potions of might
 E - a potion of berserk rage {unknown}
 L - 6 potions of brilliance
Miscellaneous
 K - a box of beasts


   Skills:
 + Level 9.7 Fighting
 - Level 1.5 Short Blades
 - Level 1.7 Throwing
 + Level 9.0 Dodging
 - Level 2.1 Stealth
 * Level 15.6 Unarmed Combat
 * Level 11.0 Invocations


You had 12 spell levels left.
You knew the following spells:

 Your Spells              Type           Power      Damage    Failure   Level
a - Slow                  Hex            0%         N/A       43%         1

Your spell library contained the following spells:

 Spells                   Type           Power      Damage    Failure   Level
 Animate Skeleton         Necr           0%         N/A       43%         1
 Magic Dart               Conj           0%         1d3       43%         1
 Pain                     Necr           0%         1d4       43%         1
 Blink                    Tloc           0%         N/A       56%         2
 Searing Ray              Conj           0%         2d4       56%         2
 Static Discharge         Conj/Air       0%         N/A       56%         2
 Confusing Touch          Hex            0%         N/A       80%         3
 Lesser Beckoning         Tloc           0%         N/A       80%         3
 Ozocubu's Armour         Ice            0%         N/A       80%         3
 Tukima's Dance           Hex            0%         N/A       80%         3
 Vampiric Draining        Necr           0%         2d6       80%         3
 Airstrike                Air            0%         N/A       99%         4
 Dispel Undead            Necr           0%         3d6       99%         4
 Fulminant Prism          Conj/Hex       0%         3d6       99%         4
 Leda's Liquefaction      Hex/Erth       0%         N/A       99%         4
 Passage of Golubria      Tloc           0%         N/A       99%         4
 Sticky Flame             Conj/Fire      0%         2d3       99%         4
 Summon Lightning Spire   Summ/Air       0%         N/A       99%         4
 Lee's Rapid Deconstruct  Erth           0%         3d5*      100%        5
 Lightning Bolt           Conj/Air       0%         1d11      100%        5
 Manifold Assault         Tloc           0%         N/A       100%        5
 Metabolic Englaciation   Hex/Ice        0%         N/A       100%        5
 Yara's Violent Unravell  Hex/Tmut       0%         3d3       100%        5
 Simulacrum               Ice/Necr       0%         N/A       100%        6
 Statue Form              Tmut/Erth      0%         N/A       100%        6
 Enfeeble                 Hex            0%         N/A       100%        7
 Ozocubu's Refrigeration  Ice            0%         4d5       100%        7
 Maxwell's Capacitive Co  Air            0%         ∞         100%        8


Dungeon Overview and Level Annotations

Branches:
Dungeon (11/15)            Temple (1/1) D:4            Lair (6/6) D:11
 Shoals (0/4) Lair:3        Snake (0/4) Lair:4        Slime (0/5) Lair:5
  Sewer (visited)         Volcano (visited)
    Orc: D:9-12

Altars:
Ashenzari
Cheibriados
Dithmenos
Elyvilon
Fedhas
Gozag
Hepliaklqana
Kikubaaqudgha
Makhleb
Nemelex Xobeh
Okawaru
Qazlal
Ru
Sif Muna
Trog
Uskayaw
Vehumet
Wu Jian
Xom
Yredelemnul
Zin
The Shining One
Jiyva

Portals:
Trove: D:10 (lose all piety)

Annotations:
D:3 1 runed translucent door, Crazy Yiuf
D:6 2 transporters
D:9 1 runed translucent door
D:10 1 runed translucent door, SirDiesAlot's ghost, journeyman MiFi
Lair:1 3 runed translucent doors, spaghetti's ghost, novice NaFE


Innate Abilities, Weirdness & Mutations

You are too large for most types of armour.
You have claws for hands.
Your natural rate of healing is unusually fast.
You are covered in fur. (AC +1)
You have tough skin. (AC +1)


Message History

The seven-headed hydra closely misses you.
The seven-headed hydra bites you.
The seven-headed hydra closely misses you.
The seven-headed hydra bites you. The seven-headed hydra bites you!
The seven-headed hydra bites you. The seven-headed hydra bites you!
* * * LOW HITPOINT WARNING * * *
The seven-headed hydra attacks as you move away!
The seven-headed hydra bites you.
* * * LOW HITPOINT WARNING * * *
The seven-headed hydra misses you.
The seven-headed hydra bites you but does no damage.
The seven-headed hydra misses you. The seven-headed hydra bites you.
* * * LOW HITPOINT WARNING * * *
The seven-headed hydra bites you but does no damage.
The seven-headed hydra closely misses you.
You feel sick.
You draw a card...
You have drawn the Swarm.
You feel sick. The cane toad barely misses you.
The seven-headed hydra bites you but does no damage.
The seven-headed hydra bites you.
* * * LOW HITPOINT WARNING * * *
The seven-headed hydra bites you!
* * * LOW HITPOINT WARNING * * *
The seven-headed hydra bites you.
* * * LOW HITPOINT WARNING * * *
The seven-headed hydra bites you but does no damage.
The seven-headed hydra bites you!
* * * LOW HITPOINT WARNING * * *
The seven-headed hydra bites you but does no damage.
The cane toad stings you!!
* * * LOW HITPOINT WARNING * * *
You are lethally poisoned!
The cane toad poisons you!
You swap places.
The seven-headed hydra attacks as you move away!
The seven-headed hydra closely misses you.
The seven-headed hydra completely misses you.
The seven-headed hydra bites you!
You die...
Your body glows with a rainbow of weird colours and disappears.

#....###..####..†........
#^.........○°............
.........................
............°............
.........................
.........................
#.#...y.#.#^......P..
.#.##FD.###...###.#...
..#.#@.### ...# ..#.....#
...... #.yyy..## ##.....
##......# ##...... P..
#.#.....## .#.#.....
#...##...#..# ..#....P.#
###...#.###.####.......#...
#.....#.P.#..P...........P.
..............P..............


You could see a seven-headed hydra (ally target), a cane toad (ally target) and
5 friendly killer bees.

Vanquished Creatures
  A red draconian (Volcano)
  Josephine (D:11)
  A hydra (Lair:4)
  4 catoblepae
  6 two-headed ogres
  7 death yaks
  Pikel (D:6)
  An ugly thing (D:11)
  2 cyclopes
  A manticore (D:11)
  16 elephants
  A guardian serpent (Lair:4)
  A merfolk siren (Lair:3)
  7 black mambas
  A molten gargoyle (Volcano)
  2 gargoyles
  11 komodo dragons
  3 cane toads
  4 trolls
  2 hornets
  11 blink frogs
  A shadow (D:9)
  A wyvern (Lair:4)
  8 wraiths
  2 fire bats (Volcano)
  A steam dragon (D:9)
  32 yaks
  A basilisk (Lair:3)
  8 water moccasins
  2 hell hounds (Lair:5)
  Duvessa (D:6)
  A floating eye (Volcano)
  8 orc warriors
  3 black bears
  3 centaurs
  11 wolves
  2 phantoms
  19 bullfrogs
  3 kobold brigands
  A necrophage (D:7)
  A gnoll sergeant (D:8)
  A scorpion (D:5)
  5 wights (D:7)
  Dowan (D:6)
  6 howler monkeys
  3 jellies
  5 lava snakes (Volcano)
  6 orc priests
  2 gnoll shamans
  A hound (D:6)
  Jessica (D:2)
  Natasha (thrice) (D:2)
  6 iguanas
  13 orc wizards
  Robin (D:3)
  11 gnolls
  9 river rats (Sewer)
  11 adders
  A shadow imp (D:6)
  A white imp (D:8)
  An ufetubus (D:4)
  4 worms
  A dart slug (D:4)
  27 orcs
  10 ball pythons
  18 bats
  6 endoplasms
  11 giant cockroaches
  19 goblins
  9 hobgoblins
  4 jackals
  25 kobolds
  3 quokkas
  10 frilled lizards
  13 rats
441 creatures vanquished.

Vanquished Creatures (collateral kills)
  A quicksilver ooze (Lair:3)
  A dire elephant (Lair:6)
  A deep troll shaman (Lair:6)
  Urug (D:10)
  2 elephants (Lair:6)
  A cane toad (Lair:6)
  3 blink frogs (Lair:6)
  2 wraiths (D:11)
  A bullfrog (D:11)
  A scorpion (D:11)
  3 gnolls (D:10)
17 creatures vanquished.

Vanquished Creatures (others)
  19 fungi
  21 plants
40 creatures vanquished.

Grand Total: 498 creatures vanquished

Notes
Turn   | Place    | Note
-------+----------+-------------------------------------------
     0 | D:1      | benadryl the Troll Brigand began the quest for the Orb.
     0 | D:1      | Reached XP level 1. HP: 19/19 MP: 0/0
    67 | D:1      | Reached skill level 1 in Unarmed Combat
    81 | D:1      | Reached XP level 2. HP: 28/28 MP: 1/1
   260 | D:1      | Reached skill level 2 in Unarmed Combat
   298 | D:1      | Reached XP level 3. HP: 31/35 MP: 2/2
   881 | D:2      | Noticed Natasha
   905 | D:2      | Killed Natasha
   906 | D:2      | Reached skill level 3 in Unarmed Combat
   906 | D:2      | Reached XP level 4. HP: 20/44 MP: 3/3
   914 | D:2      | Noticed Natasha
   919 | D:2      | Killed Natasha
  1287 | D:2      | Noticed Jessica
  1302 | D:2      | Killed Jessica
  1303 | D:2      | Reached XP level 5. HP: 50/50 MP: 4/4
  1434 | D:2      | Noticed Natasha
  1440 | D:2      | Killed Natasha
  1441 | D:2      | Reached skill level 4 in Unarmed Combat
  1800 | D:3      | Noticed Robin
  1832 | D:3      | Killed Robin
  1870 | D:3      | Found a glowing drain.
  1882 | Sewer    | Entered a sewer
  1930 | Sewer    | Reached XP level 6. HP: 56/61 MP: 5/5
  2047 | Sewer    | Reached skill level 5 in Unarmed Combat
  2761 | D:3      | Found a runed translucent door.
  2762 | D:3      | Noticed Crazy Yiuf
  3129 | D:4      | Found a staircase to the Ecumenical Temple.
  3904 | Temple   | Entered the Ecumenical Temple
  4132 | Temple   | Became a worshipper of Nemelex Xobeh the Trickster
  4158 | D:5      | Entered Level 5 of the Dungeon
  4211 | D:5      | Noticed an orc warrior
  4239 | D:5      | Reached skill level 1 in Dodging
  4245 | D:5      | Killed an orc warrior
  4246 | D:5      | Reached XP level 7. HP: 49/68 MP: 6/6
  4283 | D:5      | Reached skill level 1 in Invocations
  4303 | D:5      | Reached skill level 6 in Unarmed Combat
  4497 | D:5      | Identified the +2 ring mail of True Grit {Str+4 Dex+3}
  5007 | D:6      | Learned a level 1 spell: Slow
  5010 | D:6      | Reached * piety under Nemelex Xobeh
  5068 | D:6      | Reached XP level 8. HP: 68/78 MP: 8/8
  5144 | D:6      | Reached skill level 7 in Unarmed Combat
  5214 | D:6      | Noticed Pikel
  5233 | D:6      | Killed Pikel
  5541 | D:6      | Noticed Duvessa
  5544 | D:6      | Noticed Dowan
  5550 | D:6      | Killed Duvessa
  5551 | D:6      | Reached skill level 8 in Unarmed Combat
  5561 | D:6      | Killed Dowan
  5562 | D:6      | Reached skill level 5 in Fighting
  5725 | D:6      | Found a transporter.
  5760 | D:6      | Identified the +2 kite shield "Ziweken" {+Blink rC- rCorr}
  5783 | D:6      | Found a transporter.
  5849 | D:6      | Reached XP level 9. HP: 88/88 MP: 10/10
  6460 | D:7      | Received a gift from Nemelex Xobeh
  6463 | D:7      | Identified the amulet "Coogh" {Spirit Fragile rC+ Dex+4}
  6834 | D:8      | Reached skill level 9 in Unarmed Combat
  6982 | D:8      | Reached ** piety under Nemelex Xobeh
  7127 | D:8      | Noticed a komodo dragon
  7136 | D:8      | Killed a komodo dragon
  7594 | D:8      | Identified the amulet "Fekhamar" {RegenMP Int+3 Stlth+}
  8194 | D:9      | Reached skill level 5 in Invocations
  8194 | D:9      | Reached XP level 10. HP: 73/98 MP: 5/12
  8394 | D:9      | Reached skill level 10 in Unarmed Combat
  8503 | D:9      | Noticed a two-headed ogre
  8519 | D:9      | Killed a two-headed ogre
  8520 | D:9      | Reached skill level 5 in Dodging
  8636 | D:9      | Received a gift from Nemelex Xobeh
  8685 | D:9      | Found a broken altar of Ashenzari.
  8788 | D:9      | Found a blossoming altar of Fedhas.
  8799 | D:9      | Found a runed translucent door.
  8801 | D:9      | Noticed a flayed ghost
  8964 | D:9      | Found an ancient bone altar of Kikubaaqudgha.
  8991 | D:9      | Found a sparkling altar of Nemelex Xobeh.
  9020 | D:9      | Found a stormy altar of Qazlal.
  9067 | D:9      | Found a burning altar of Makhleb.
  9088 | D:9      | Found a snail-covered altar of Cheibriados.
  9393 | D:10     | Entered Level 10 of the Dungeon
  9406 | D:10     | Reached *** piety under Nemelex Xobeh
  9480 | D:10     | Reached skill level 11 in Unarmed Combat
  9702 | D:10     | Received a gift from Nemelex Xobeh
  9736 | D:10     | Found a runed translucent door.
  9737 | D:10     | Noticed SirDiesAlot's ghost (journeyman MiFi)
  9800 | D:10     | Noticed Urug
  9806 | D:10     | Killed Urug
  9807 | D:10     | Reached XP level 11. HP: 82/107 MP: 10/14
  9870 | D:10     | Found a portal to a secret trove of treasure.
  9980 | D:10     | Noticed a two-headed ogre
  9989 | D:10     | Killed a two-headed ogre
 10482 | D:11     | Noticed a two-headed ogre
 10492 | D:11     | Killed a two-headed ogre
 10662 | D:11     | Reached skill level 12 in Unarmed Combat
 10663 | D:11     | Noticed Josephine
 10671 | D:11     | Killed Josephine
 10682 | D:11     | Identified the +5 executioner's axe "Qehaofiash" {pain,
                  | +Blink}
 10808 | D:11     | Received a gift from Nemelex Xobeh
 10811 | D:11     | Paralysed by a hornet for 3 turns
 10909 | D:11     | Noticed a green ugly thing
 10916 | D:11     | Killed a green ugly thing
 10996 | D:11     | Reached **** piety under Nemelex Xobeh
 11406 | D:11     | Found a staircase to the Lair.
 11569 | Lair:1   | Entered Level 1 of the Lair of Beasts
 11680 | Lair:1   | Received a gift from Nemelex Xobeh
 11891 | Lair:1   | Found a runed translucent gate.
 11891 | Lair:1   | Found a runed translucent gate.
 11891 | Lair:1   | Found a runed translucent gate.
 11894 | Lair:1   | Noticed spaghetti's ghost (novice NaFE)
 11897 | Lair:1   | Found a viscous altar of Jiyva.
 11997 | Lair:1   | Reached XP level 12. HP: 67/119 MP: 7/16
 12402 | Lair:2   | Received a gift from Nemelex Xobeh
 12440 | Lair:2   | Reached skill level 13 in Unarmed Combat
 12610 | Lair:2   | Reached ***** piety under Nemelex Xobeh
 13206 | Lair:3   | Noticed a death yak
 13206 | Lair:3   | Noticed a death yak
 13206 | Lair:3   | Noticed a death yak
 13206 | Lair:3   | Noticed a death yak
 13207 | Lair:3   | Noticed a death yak
 13216 | Lair:3   | Noticed a quicksilver ooze
 13216 | Lair:3   | a death yak changed into a quicksilver ooze
 13216 | Lair:3   | Noticed a catoblepas
 13216 | Lair:3   | a death yak changed into a catoblepas
 13219 | Lair:3   | Killed a quicksilver ooze
 13228 | Lair:3   | Killed a death yak
 13383 | Lair:2   | Killed a catoblepas
 13401 | Lair:2   | Killed a death yak
 13434 | Lair:2   | Killed a death yak
 13474 | Lair:3   | Paralysed by a hornet for 3 turns
 13540 | Lair:3   | Received a gift from Nemelex Xobeh
 13721 | Lair:3   | Reached skill level 14 in Unarmed Combat
 13844 | Lair:3   | Received a gift from Nemelex Xobeh
 14221 | Lair:3   | Found a staircase to the Shoals.
 14535 | Lair:4   | Reached XP level 13. HP: 116/130 MP: 16/18
 14665 | Lair:4   | Received a gift from Nemelex Xobeh
 14983 | Lair:4   | Found a staircase to the Snake Pit.
 15312 | Lair:5   | Found a dark tunnel.
 15341 | Volcano  | Entered a volcano
 15516 | Volcano  | Reached ****** piety under Nemelex Xobeh
 15544 | Volcano  | Received a gift from Nemelex Xobeh
 15614 | Volcano  | Found a burning altar of Makhleb.
 15620 | Volcano  | Noticed a red draconian
 15629 | Volcano  | Killed a red draconian
 15867 | Lair:5   | Found a viscous altar of Jiyva.
 15986 | Lair:5   | Reached skill level 10 in Invocations
 15987 | Lair:5   | Reached skill level 15 in Unarmed Combat
 16123 | Lair:5   | Received a gift from Nemelex Xobeh
 16184 | Lair:5   | Found a staircase to the Slime Pits.
 16589 | Lair:6   | Entered Level 6 of the Lair of Beasts
 17010 | Lair:6   | Reached XP level 14. HP: 99/140 MP: 15/21
 17182 | Lair:6   | Received a gift from Nemelex Xobeh
 17205 | Lair:6   | Found a glowing silver altar of Zin.
 17346 | Lair:6   | HP: 3/141 [cane toad (16)]
 17347 | Lair:6   | Slain by a seven-headed hydra

Illustrated notes

Levels and vault maps discovered:
D:1:      roderic_crop_circles_arrival_small, layout_loops_ring
D:2:      layout_loops_ring, uniq_jessica, uniq_natasha
D:3:      layout_loops_cross, portal_sewer_entry_f, uniq_crazy_yiuf_cottage,
          uniq_robin
D:4:      layout_layer_cave, minmay_temple_entry_steel_oval
D:5:      layout_loops_cross, minmay_misc_feat_secret_circle
D:6:      layout_basic, gammafunk_ghost_gnarly_gnolls, uniq_duvessa, uniq_pikel
D:7:      layout_loops_ring
D:8:      layout_loops_corners, lemuel_flame_loot_1
D:9:      due_megacathedral, layout_basic, nicolae_ashenzari_skybound,
          st_stairs_12
D:10:     nicolae_cairo_tiling_large, layout_basic, enter_trove_6,
          gammafunk_ghost_grave, uniq_urug
D:11:     layout_stronghold, grunt_lair_entry_orc_guard_hut, uniq_josephine
Temple:   roderic_octagonal_lattice_temple
Lair:1:   layout_regular_city, gammafunk_ghost_ooze, minivault_24,
          lemuel_old_faithful, infiniplex_staircase_pool
Lair:2:   layout_roguey
Lair:3:   layout_gridlike, minmay_shoals_entry_lonely_mermaid,
          grunt_megastairs_1, lemuel_fruit_fields
Lair:4:   layout_regular_city, minmay_snake_entry_spellcaster
Lair:5:   layout_hall_layers, slime_altar_1, enter_volcano_3, st_stairs_7
Lair:6:   grunt_lair_end_beastmaster, layout_regular_city, basic_altar

Skill      XL: |  1  2  3  4  5  6  7  8  9 10 11 12 13 14 |
---------------+-------------------------------------------+-----
Unarmed Combat | 1 2 3 4 5 6 8 9 11 12 14 15 | 15.6
Fighting       | 2 3 4 5 6 7 8 9 |  9.7
Dodging        | 1 2 3 4 5 6 8 9 |  9.0
Invocations    | 2 3 5 6 7 9 10 11 | 11.0
Short Blades   | |  1.5
Throwing       | |  1.7
Stealth        | |  2.1

Action                   |  1- 3 |  4- 6 |  7- 9 | 10-12 | 13-15 || total
-------------------------+-------+-------+-------+-------+-------++-------
Melee: Unarmed           |    89 |   203 |   329 |   484 |   241 ||  1346
       Punch             |     3 |     5 |    13 |    24 |    27 ||    72
       Giant spiked club |       |       |       |       |     6 ||     6
Throw: Dart              |       |     2 |     8 |     4 |       ||    14
       Throwing net      |       |     1 |       |       |       ||     1
       Javelin           |       |       |       |     4 |       ||     4
 Cast: Slow              |       |       |     1 |       |       ||     1
Invok: Draw Summoning    |       |       |       |     5 |     5 ||    10
       Draw Destruction  |       |       |       |     3 |    10 ||    13
       Triple Draw       |       |       |       |       |     1 ||     1
       Deal Four         |       |       |       |       |     1 ||     1
Evoke: Wand              |       |       |       |     2 |       ||     2
  Use: Scroll            |     4 |     7 |     8 |     8 |     6 ||    33
       Potion            |       |     1 |       |       |     1 ||     2
 Stab: Sleeping          |     1 |    12 |     3 |     6 |     1 ||    23
       Distracted        |       |     2 |       |     3 |     1 ||     6
       Paralysed         |       |       |       |     9 |       ||     9
       Petrified         |       |       |       |     2 |     3 ||     5
Armor: Robe              |    43 |    80 |    82 |    17 |       ||   222
       Steam dragon scal |       |       |       |   185 |   107 ||   292
Dodge: Dodged            |    42 |   113 |   139 |   285 |   142 ||   721

Table legend: (Time is in decaauts)
 A = Elapsed time spent in this place.
 B = Non-inter-level travel time spent in this place.
 C = Inter-level travel time spent in this place.
 D = Time resting spent in this place.
 E = Time spent auto-exploring this place.
 F = Levels seen in this place.
 G = Mean time per level.
                   A        B        C        D        E       F      G
               +--------+--------+--------+--------+--------+-----+--------+
         Total |  17224 |  16651 |    573 |   1553 |  11584 |  20 |  861.2 |
       Dungeon |  10904 |  10440 |    464 |   1005 |   7429 |  11 |  991.3 |
        Temple |    244 |    228 |     16 |      0 |    191 |   1 |  244.0 |
          Lair |   5235 |   5143 |     92 |    506 |   3734 |   6 |  872.5 |
         Sewer |    412 |    412 |      0 |      0 |    229 |   1 |  412.0 |
       Volcano |    427 |    427 |      0 |     42 |      0 |   1 |  427.0 |
               +--------+--------+--------+--------+--------+-----+--------+

Top non-repeatable levels by time:
     D:8: 1335 daAuts
     D:9: 1274 daAuts
    D:11: 1169 daAuts
    D:10: 1038 daAuts
     D:2: 1012 daAuts
  Lair:2: 1001 daAuts
     D:4: 988 daAuts
  Lair:4: 925 daAuts
     D:6: 921 daAuts
  Lair:3: 902 daAuts
  Lair:5: 868 daAuts
     D:3: 852 daAuts
     D:5: 820 daAuts
  Lair:1: 815 daAuts
     D:7: 812 daAuts
